AoeStats
← PZ|MBalu

Nomad

509722187Analyzed
4v4 RM · 6d ago on Sep 27, 2026· 51m 45s· 8 players
Game mode
Random Map
Map size
231×231
Population
200
Speed
Normal
Resources
Standard
Victory
Conquest
Starting age
Dark Age
Ending age
Imperial Age
RankedLock teamsTeams togetherTeam positionsShared explorationLock speedFull tech treeHidden civsTurbo modeCheats
Victory
Defeat
🇨🇳 Mongols · China
1319
+12
🇫🇷 Bengalis · France
1303
+13
🇭🇰 Vikings · Hong Kong SAR China
1302
+13
🇨🇳 Huns · China
1291
+13
🇭🇺 Spanish · Hungary
1272
-14
🇭🇺 Italians · Hungary
1253
-14
🇭🇺 Japanese · Hungary
1234
-13
🇭🇺 Varangians · Hungary
1169
-10
50232516
5:02 Loom
13:10 Feudal Age
19:23 Castle Age
17:55 Double-Bit Axe
18:13 Fletching
20:01 Bodkin Arrow
20:57 Padded Archer Armor
26:50 Ballistics
28:38 Leather Archer Armor
28:58 Town Watch
31:03 Bow Saw
30:34 Horse Collar
32:58 Fishing Lines
39:00 Imperial Age
37:28 Gold Mining
37:28 Stone Mining
37:42 Heavy Plow
38:13 Gillnets
42:08 Two-Man Saw
42:41 Conscription
42:22 Bogsveigar
42:32 Chieftains
44:25 Gold Shaft Mining
43:14 Elite Berserk
44:06 Forging
43:56 Scale Mail Armor
44:04 Bracer
46:23 Chemistry
45:31 Scale Mail Armor
46:06 Iron Casting
47:01 Bogsveigar
49:50 Chain Mail Armor
50:56 Blast Furnace
tomtom
5:06 Loom
14:05 Feudal Age
18:00 Castle Age
17:07 Fishing Lines
17:26 Double-Bit Axe
19:42 Bow Saw
21:07 Wheelbarrow
21:52 Horse Collar
22:40 Heavy Plow
24:46 Hand Cart
24:37 Town Watch
26:47 Stone Mining
27:30 Gold Mining
30:20 Gold Shaft Mining
33:50 Imperial Age
32:18 Town Patrol
33:19 Ballistics
33:01 Fletching
33:12 Padded Archer Armor
33:31 Paiks
33:47 Bloodlines
33:38 Husbandry
33:43 Bodkin Arrow
33:59 Elite Elephant Archer
34:57 Leather Archer Armor
35:46 Bracer
36:15 Mahayana
36:59 Chemistry
37:15 Ring Archer Armor
37:16 Conscription
38:14 Siege Elephant
39:15 Forging
41:18 Heavy Scorpion
42:18 Siege Engineers
42:25 Masonry
45:00 Iron Casting
44:30 Scale Barding Armor
44:17 Light Cavalry
47:18 Blast Furnace
47:25 Chain Barding Armor
Tz.zT
5:44 Loom
15:09 Feudal Age
19:10 Castle Age
17:44 Double-Bit Axe
18:58 Horse Collar
21:22 Bow Saw
21:19 Gold Mining
28:09 Town Watch
28:33 Stone Mining
29:29 Wheelbarrow
29:46 Bloodlines
34:04 Imperial Age
31:57 Scale Barding Armor
32:02 Forging
32:18 Husbandry
31:38 Light Cavalry
32:46 Hand Cart
33:26 Chain Barding Armor
33:10 Heavy Plow
34:14 Marauders
34:11 Elite Tarkan
35:37 Gold Shaft Mining
35:26 Conscription
37:34 Two-Man Saw
36:52 Guilds
43:02 Ballistics
43:42 Chemistry
42:54 Masonry
42:48 Squires
42:34 Arson
42:11 Hussar
45:06 Coinage
47:17 Clinker Construction
47:17 Careening
47:35 Atheism
48:10 Banking
谢por
5:01 Loom
14:33 Feudal Age
15:54 Double-Bit Axe
18:28 Castle Age
17:45 Fletching
17:58 Town Watch
22:24 Bodkin Arrow
30:00 Horse Collar
33:48 Wheelbarrow
33:00 Town Watch
34:10 Ballistics
43:08 Hand Cart
45:09 Ballistics
47:26 Imperial Age
45:32 Padded Archer Armor
45:43 Town Patrol
47:00 Thumb Ring
46:55 Gold Mining
46:55 Stone Mining
47:29 Leather Archer Armor
47:32 Heavy Plow
47:45 Bow Saw
49:11 Chemistry
49:02 Parthian Tactics
48:48 Bracer
48:51 Elite Mangudai
50:30 Onager
50:32 Capped Ram
52:16 Drill
PZ|Perfect Destroyer
4:48 Loom
13:54 Feudal Age
18:23 Castle Age
16:32 Double-Bit Axe
17:27 Gold Mining
19:38 Bow Saw
22:41 Horse Collar
23:48 Fletching
23:58 Padded Archer Armor
25:17 Bodkin Arrow
29:37 Imperial Age
28:22 Scale Mail Armor
29:00 Heavy Plow
29:47 Wheelbarrow
31:24 Chemistry
30:29 Bracer
30:44 Leather Archer Armor
32:35 Squires
32:50 Forging
33:55 Crop Rotation
33:22 Stone Mining
34:53 Ring Archer Armor
35:22 Chain Mail Armor
39:35 Elite Genoese Crossbowman
44:22 Plate Mail Armor
44:28 Iron Casting
46:03 Hand Cart
PZ|SlothKing
5:05 Loom
13:18 Feudal Age
18:53 Castle Age
18:13 Double-Bit Axe
25:27 Horse Collar
30:02 Imperial Age
28:49 Gold Mining
28:49 Stone Mining
30:39 Wheelbarrow
31:31 Fletching
31:42 Padded Archer Armor
33:59 Forging
33:49 Scale Mail Armor
36:44 Conscription
38:06 Iron Casting
37:31 Scale Mail Armor
PZ|MBalu
7:35 Loom
13:11 Feudal Age
14:07 Double-Bit Axe
14:55 Fletching
15:03 Gold Mining
23:57 Castle Age
25:01 Bodkin Arrow
42:03 Wheelbarrow
45:18 Imperial Age
45:39 Bloodlines
46:13 Cavalier
PZ|ReDw1nG
12:03 Loom
14:25 Feudal Age
18:23 Castle Age
16:42 Fletching
16:48 Double-Bit Axe
17:10 Stone Mining
17:46 Gold Mining
19:18 Bow Saw
19:29 Bodkin Arrow
22:34 Wheelbarrow
23:52 Medium Warships
23:30 Horse Collar
24:27 Heavy Plow
25:50 Ballistics
25:55 Padded Archer Armor
26:59 Leather Archer Armor
28:11 Hand Cart
33:39 Imperial Age
33:12 Scale Barding Armor
33:18 Forging
33:18 Husbandry
33:29 Bloodlines
34:49 Conscription
35:02 Ring Archer Armor
35:15 Elite Conquistador
36:22 Chain Barding Armor
37:48 Chemistry
36:10 Cavalier
37:55 Plate Barding Armor
37:50 Masonry
40:00 Bracer
39:56 Elite Skirmisher
41:28 Architecture
42:48 Iron Casting
44:51 Blast Furnace
46:24 Bombard Tower
46:55 Scale Mail Armor
48:33 Town Watch
49:08 Chain Mail Armor
Connection lost

Rejoining the realm…

Still unreachable

The connection could not be restored.

Session expired

The server has moved on; the page needs a fresh start.